 Dungeon Crawl Stone Soup version 0.22-a0-833-g8522bf8 (webtiles) character file.

438 Goblin1989 the Sneak (level 6, -8/46 HPs)
             Began as a Demonspawn Enchanter on July 25, 2018.
             Was an Initiate of Wu Jian.
             Shot with an arrow by a centaur (16 damage)
             ... on level 5 of the Dungeon.
             The game lasted 00:17:48 (7108 turns).

Goblin1989 the Sneak (Demonspawn Enchanter)         Turns: 7108, Time: 00:17:49

Health: -8/46      AC:  5    Str:  9    XL:     6   Next: 69%
Magic:  9/9        EV:  8    Int: 16    God:    Wu Jian [......]
Gold:   249        SH: 11    Dex: 15    Spells: 9/9 levels left

rFire    . . .     SeeInvis .     - Unarmed
rCold    . . .     Gourm    .   o - +0 large shield
rNeg     . . .     Faith    .   M - +0 leather armour
rPois    .         Spirit   .   (no helmet)
rElec    .         Reflect  .   (no cloak)
rCorr    .         Harm     .   t - +0 pair of gloves
MR       .....                  F - +0 pair of boots
Stlth    ++........             (no amulet)
HPRegen  0.15/turn              (no ring)
MPRegen  0.11/turn              (no ring)

@: no status effects
A: claws 1, demonic guardian 1, subdued magic 1
a: Renounce Religion


You were on level 5 of the Dungeon.
You worshipped Wu Jian.
Wu Jian was noncommittal.
You were not hungry.

You visited 2 branches of the dungeon, and saw 6 of its levels.

You collected 249 gold pieces.

Inventory:

Hand Weapons
 a - a +1 dagger
 y - a +2 vampiric dagger
 D - a +0 whip of flaming
Missiles
 i - 72 sling bullets
 j - 190 stones (quivered) {@Q3}
 l - 63 arrows
 n - 3 needles of sleeping
 w - 32 poisoned needles
 T - 2 curare-tipped needles
Armour
 b - a +0 robe
 o - a +0 large shield (worn)
 t - a +0 pair of gloves (worn)
 F - a +0 pair of boots (worn)
 M - a +0 leather armour (worn)
Jewellery
 m - an uncursed ring of fire
 v - an uncursed amulet of faith {!P}
 L - the ring "Ugani" {*Tele *Contam Int+5}
   (You found it on level 4 of the Dungeon)

   [ring of teleportation]

   It may teleport you next to monsters.
   It affects your intelligence (+5).
   It causes magical contamination when unequipped.
Scrolls
 f - a scroll of teleportation {unknown}
 x - 3 scrolls of immolation {unknown}
 A - 2 scrolls of enchant armour {unknown}
 E - a scroll of remove curse {@r3}
 I - 2 scrolls of amnesia
 K - 2 scrolls of magic mapping {unknown}
 R - 5 scrolls of identify {@r1}
Potions
 h - 2 potions of brilliance
 s - a potion of lignification
 B - a potion of agility {@q5}
Comestibles
 e - 7 rations


   Skills:
 + Level 2.4 Fighting
 - Level 3.0 Short Blades
 + Level 3.0 Dodging
 + Level 3.8 Stealth
 + Level 2.0 Shields
 * Level 2.2 Unarmed Combat
 - Level 2.0 Spellcasting
   Level 3.0 Hexes


You had 9 spell levels left.
You didn't know any spells.
Your spell library contained the following spells:

 Spells                   Type           Power        Failure   Level  Hunger
 Confuse                  Hex            #.......     99%         3    ###....
 Tukima's Dance           Hex            #.......     99%         3    ###....
 Ensorcelled Hibernation  Hex/Ice        #.....       99%         2    ###....
 Corona                   Hex            #......      83%         1    #......
 Dazzling Spray           Conj/Hex       #.....       100%        3    ###....


Dungeon Overview and Level Annotations

Branches:
Dungeon (5/15)             Temple (1/1) D:4

Altars:
Ashenzari
Cheibriados
Dithmenos
Fedhas
Gozag
Hepliaklqana
Kikubaaqudgha
Makhleb
Nemelex Xobeh
Okawaru
Qazlal
Ru
Sif Muna
Trog
Uskayaw
Vehumet
Wu Jian
Xom
Yredelemnul
Zin
The Shining One

Annotations:
D:4 oki's ghost, amateur KoAM


Innate Abilities, Weirdness & Mutations

You have sharp fingernails.
A weak demonic guardian rushes to your aid.
Your spells are a little easier to cast, but a little less powerful.


Message History

Something hits your iron imp but does no damage.
You block the orc's attack.
You barely miss the orc. The orc hits you but does no damage.
Something hits your iron imp.
Your iron imp barely misses the orc.
You hit the orc but do no damage. You block the orc's attack.
Something hits your iron imp but does no damage.
Your iron imp barely misses the orc.
You hit the orc but do no damage. The orc hits you but does no damage.
Something hits your iron imp.
Your iron imp hits the orc.
You hit the orc but do no damage.
The orc is almost dead.
You block the orc's attack.
Something hits your iron imp but does no damage.
You hit the orc.
You kill the orc!
The Council accepts your kill.
Your iron imp disappears in a puff of smoke!
The centaur unwields an uncursed shortbow.
The centaur hits you!
You take 6 damage, and have 38/46 hp.
You hit the centaur but do no damage. The centaur barely misses you.
You hit the centaur.
The centaur is lightly wounded.
The centaur hits you! You block the centaur's attack.
You take 7 damage, and have 31/46 hp.
You hit the centaur but do no damage.
The centaur is lightly wounded.
Your shadow imp disappears in a puff of smoke!
The centaur hits you! x2
* * * LOW HITPOINT WARNING * * *
You are too injured to fight recklessly!
You are too injured to fight recklessly!
You take 15 damage, and have 16/46 hp.
MASSIVE DAMAGE!!
You are too injured to fight recklessly!
You are too injured to fight recklessly!
You are too injured to fight recklessly!
You are too injured to fight recklessly!
You are too injured to fight recklessly!
You are too injured to fight recklessly!
You are too injured to fight recklessly!
You are too injured to fight recklessly!
You are too injured to fight recklessly!
Unknown command.
You swap places.
The centaur wields an uncursed shortbow.
The centaur shoots an arrow.
The arrow hits your iron imp!
Your iron imp hits the centaur!
Wield which item (- for none, * to show all)? (? for menu, Esc to quit)
Okay, then.
You swap places.
You lunge at the centaur.
You hit the centaur but do no damage.
The centaur is severely wounded.
The centaur unwields an uncursed shortbow.
You block the centaur's attack.
You see here 2 arrows.
You hit the centaur but do no damage.
The centaur is severely wounded.
The centaur closely misses you.
The centaur hits you but does no damage.
You hit the centaur but do no damage.
The centaur is severely wounded.
You block the centaur's attack. The centaur hits you.
* * * LOW HITPOINT WARNING * * *
You take 1 damage, and have 16/46 hp.
You hit the centaur.
The centaur is severely wounded.
The centaur hits you but does no damage.
The orc barely misses your iron imp. The centaur hits you.
* * * LOW HITPOINT WARNING * * *
You take 1 damage, and have 15/46 hp.
You hit the centaur but do no damage.
The centaur is severely wounded.
The orc completely misses your iron imp.
You block the centaur's attack.
Unknown command.
You hit the centaur but do no damage.
The centaur is severely wounded.
The centaur hits you!
* * * LOW HITPOINT WARNING * * *
The orc hits your iron imp but does no damage.
You block the centaur's attack.
You take 8 damage, and have 7/46 hp.
You hit the centaur but do no damage.
The centaur is severely wounded.
The centaur hits you but does no damage.
The orc barely misses your iron imp. The centaur misses you.
Unknown command.
The orc barely misses your iron imp.
The centaur wields an uncursed shortbow.
The centaur shoots an arrow.
You block the arrow.
You see here an arrow.
Something hits your iron imp. The orc barely misses your iron imp.
Your iron imp hits the centaur.
The centaur wields an uncursed shortbow.
The centaur shoots an arrow.
The arrow hits your iron imp.
The orc hits your iron imp but does no damage.
You see here a dagger.
The centaur shoots an arrow.
The arrow barely misses your iron imp. The arrow hits you!
You die... ..█████ █████ ......█ █...█ ████ ......█ █...█ ██....███.....█████...███ ......)co................ ██....██5.....██████.████ █... █......█ █......█ █.. █)██████

█......█ █.
█@████████......█ ..
█...........█.███ .
█..████████.█.█ █..█
█.█.█ █..█ █.█.█
█..████████.█.█
████.........█.█.█
..........███.█.█.████
██████.██.█ █.█)......


You could see a centaur, an orc and a friendly iron imp.

Vanquished Creatures
  Edmund (D:5)
  An ogre (D:4)
  2 hounds (D:4)
  A gnoll shaman (D:4)
  A worker ant (D:4)
  A hound skeleton (D:4)
  3 adders
  An ooze (D:4)
  A worm (D:2)
  A dart slug (D:3)
  A leopard gecko (D:1)
  5 orcs
  5 giant cockroaches
  6 goblins
  4 hobgoblins
  4 jackals (D:5)
  8 kobolds
  3 quokkas
  A ball python (D:2)
  A bat (D:3)
  4 frilled lizards
  5 rats
60 creatures vanquished.

Vanquished Creatures (collateral kills)
  A centaur (D:5)
  An orc wizard (D:3)
  3 orcs
5 creatures vanquished.

Vanquished Creatures (others)
  2 withered plants (D:4)
2 creatures vanquished.

Grand Total: 67 creatures vanquished

Notes
Turn   | Place    | Note
-------+----------+-------------------------------------------
     0 | D:1      | Goblin1989 the Demonspawn Enchanter began the quest for the Orb.
     0 | D:1      | Reached XP level 1. HP: 13/13 MP: 3/3
    24 | D:1      | Reached skill level 1 in Short Blades
  1608 | D:1      | Gained mutation: A weak demonic guardian rushes to your aid. [demonic ancestry]
  1608 | D:1      | Reached XP level 2. HP: 19/19 MP: 5/5
  2915 | D:2      | Reached XP level 3. HP: 23/25 MP: 6/6
  3492 | D:3      | Reached skill level 1 in Fighting
  3721 | D:3      | Reached XP level 4. HP: 15/32 MP: 7/7
  4699 | D:4      | Reached skill level 1 in Shields
  4766 | D:4      | Found a runed door.
  4770 | D:4      | Noticed oki's ghost (amateur KoAM)
  4890 | D:4      | Gained mutation: You have sharp fingernails. [demonic ancestry]
  4890 | D:4      | Reached XP level 5. HP: 34/37 MP: 8/8
  5044 | D:4      | HP: 1/37 [gnoll shaman/whip (8)]
  5367 | D:4      | Got a warped amber ring
  5400 | D:3      | Identified the ring "Ugani" {*Tele *Contam Int+5} (You found it on level 4 of the Dungeon)
  5462 | D:3      | Gained mutation: Your spells are a little easier to cast, but a little less powerful. [mutagenic glow]
  5509 | D:4      | Noticed an ogre
  5530 | D:4      | Killed an ogre
  5530 | D:4      | Reached skill level 1 in Unarmed Combat
  5663 | D:4      | Found a staircase to the Ecumenical Temple.
  5728 | Temple   | Entered the Ecumenical Temple
  5883 | Temple   | Became a worshipper of the Wu Jian Council
  6104 | D:4      | Reached XP level 6. HP: 44/44 MP: 9/9
  6576 | D:5      | Entered Level 5 of the Dungeon
  6769 | D:5      | Noticed Edmund
  6824 | D:5      | Killed Edmund
  7028 | D:5      | Found a runed door.
  7108 | D:5      | Shot with an arrow by a centaur

Vault maps used:
D:1:      scummos_arrival_checkerplants
D:2:      kennysheep_generic_room_8
D:3:      first_ration
D:4:      minmay_temple_entry_hall, gammafunk_ghost_grave,
          minmay_misc_feat_pillars, minmay_statues_item, minmay_box_of_dots
D:5:      serial_shops, shop_fountains, uniq_duvessa, uniq_crazy_yiuf_cottage,
          uniq_edmund, uniq_sigmund
Temple:   kilobyte_greek_temple

Skill      XL: |  1  2  3  4  5  6 |
---------------+-------------------+-----
Short Blades   | 1 2 3 |  3.0
Dodging        | 2 3 |  3.0
Stealth        | 3 |  3.8
Fighting       | 1 2 |  2.4
Shields        | 1 2 |  2.0
Unarmed Combat | 1 2 |  2.2
Spellcasting   | |  2.0
Hexes          | |  3.0

Action                   |  1- 3 |  4- 6 || total
-------------------------+-------+-------++-------
Melee: Dagger            |   145 |   225 ||   370
       Unarmed           |       |    24 ||    24
Throw: Stone             |       |     4 ||     4
Invok: Lunge             |       |     3 ||     3
  Use: Scroll            |       |     4 ||     4
       Potion            |       |     8 ||     8
 Stab: Sleeping          |     6 |     4 ||    10
  Eat: Chunk             |     8 |     9 ||    17
       Ration            |     2 |       ||     2
Armor: Robe              |    23 |    12 ||    35
       Leather armour    |       |    20 ||    20
       Skin              |       |     8 ||     8
Dodge: Dodged            |    49 |    43 ||    92
Block: Large shield      |    36 |   117 ||   153

Table legend:
 A = Spawn XP
 B = Non-spawn XP
 C = Spawn XP percentage of total XP
 D = Spawn monster count
 E = Non-spawn monster count
 F = Spawn count percentage of total count
 G = Total turns spent on level
                    A         B        C        D         E        F      G
               +---------+---------+-------+---------+---------+-------+---------
         Total |       0 |     627 |   0.0 |       0 |      65 |   0.0 |  7108
               +---------+---------+-------+---------+---------+-------+---------
           D:1 |       0 |      19 |   0.0 |       0 |      12 |   0.0 |  2197
           D:2 |       0 |      42 |   0.0 |       0 |      18 |   0.0 |  1257
           D:3 |       0 |      72 |   0.0 |       0 |      17 |   0.0 |  1598
           D:4 |       0 |     292 |   0.0 |       0 |       9 |   0.0 |  1328
           D:5 |       0 |     202 |   0.0 |       0 |       9 |   0.0 |   532
               +---------+---------+-------+---------+---------+-------+---------

Vault maps used:
D:1:      scummos_arrival_checkerplants
D:2:      kennysheep_generic_room_8
D:3:      first_ration
D:4:      minmay_temple_entry_hall, gammafunk_ghost_grave,
          minmay_misc_feat_pillars, minmay_statues_item, minmay_box_of_dots
D:5:      serial_shops, shop_fountains, uniq_duvessa, uniq_crazy_yiuf_cottage,
          uniq_edmund, uniq_sigmund
Temple:   kilobyte_greek_temple
